 Dungeon Crawl Stone Soup version 0.28-a0-529-g3bad584f25 (webtiles) character file.

Game seed: 12970051254541230953

24860 robertstho the Eclecticist (level 13, -14/92 HPs)
             Began as a Djinni Fire Elementalist on Sept 24, 2021.
             Was an Initiate of Gozag.
             Engulfed by a cloud of freezing vapour (34 damage)
             ... on level 11 of the Dungeon.
             The game lasted 00:28:19 (13182 turns).

robertstho the Eclecticist (DjFE)                  Turns: 13182, Time: 00:28:20

Health: -14/92     AC:  7    Str:  7    XL:     13   Next: 46%
Gold:   1502       EV: 13    Int: 22    God:    Gozag SH:  0 Dex: 14

rFire   + + .      SeeInvis +   K - +11 dagger "Musmisir" {freeze, rF- Will++}
rCold   x . .      Faith    .   (no shield)
rNeg    + . .      Spirit   .   k - +1 robe of Coerit {rN+ Regen+}
rPois   ∞          Reflect  .   l - +2 hat
rElec   .          Harm     .   G - +1 cloak
rCorr   .          Rampage  .   (no gloves)
Will    +++..                   (boots unavailable)
Stlth   ++........              o - amulet of regeneration
HPRegen 2.25/turn               e - ring of see invisible
MPRegen 0.00/turn               F - ring of protection from fire

@: gold aura, flying
A: sickness immunity, fire resistance 2, cold vulnerability 1, float, innate
caster, hp casting, extra vitality 1
a: Renounce Religion, Potion Petition, Call Merchant, Bribe Branch


You were on level 11 of the Dungeon.
You worshipped Gozag.
Gozag was most pleased with you.
You visited 3 branches of the dungeon, and saw 15 of its levels.

You collected 2594 gold pieces.
You spent 592 gold pieces at shops.
You paid 500 gold pieces to Gozag.

Inventory:

Hand Weapons
 g - a +0 long sword
 C - a +2 dagger of electrocution
 K - the +11 dagger "Musmisir" (weapon) {freeze, rF- Will++}
   (You found it on level 8 of the Dungeon)

   It freezes those it strikes, dealing additional cold damage.
   It can also slow down cold-blooded creatures.
   rF:        It makes you vulnerable to fire.
   Will:      It greatly increases your willpower.
Missiles
 R - 2 throwing nets
Armour
 i - +0 steam dragon scales
 k - the +1 robe of Coerit (worn) {rN+ Regen+}
   (You found it on level 11 of the Dungeon)

   rN:        It protects you from negative energy.
   Regen:     It increases your rate of health regeneration.
 l - a +2 hat (worn)
 n - a +0 robe of fire resistance
 s - the +4 ring mail "Hasen" {Str+2}
   (You found it on level 4 of the Dungeon)

   Str:       It affects your strength (+2).
 G - a +1 cloak (worn)
 N - the +4 ring mail "Bupawedd" {rCorr}
   (You found it on level 8 of the Dungeon)

   rCorr:     It protects you from acid and corrosion.
 O - a +0 pair of gloves
 P - a +2 pair of gloves
Jewellery
 e - a ring of see invisible (left hand)
 o - an amulet of regeneration (around neck)
 A - a ring of fire
 F - a ring of protection from fire (right hand)
 V - a ring of fire
Wands
 q - a wand of mindburst (28)
 x - a wand of paralysis (8)
 I - a wand of flame (42)
 J - a wand of digging (2)
 M - a wand of acid (11)
 U - a wand of iceblast (9)
Scrolls
 a - a scroll of immolation
 b - 2 scrolls of brand weapon
 d - 2 scrolls of magic mapping
 m - 6 scrolls of enchant weapon
 r - 4 scrolls of teleportation
 v - a scroll of enchant armour
 y - 2 scrolls of amnesia
 B - a scroll of fog
 E - 3 scrolls of noise {unknown}
 Q - a scroll of vulnerability
Potions
 c - 4 potions of attraction
 f - 2 potions of ambrosia
 h - 2 potions of haste
 j - 3 potions of cancellation
 p - 2 potions of flight {unknown}
 t - 5 potions of degeneration {unknown}
 u - a potion of lignification {unknown}
 w - 3 potions of magic {unknown}
 z - 3 potions of berserk rage
 D - 2 potions of resistance
 L - 3 potions of brilliance
 S - 2 potions of might
 T - a potion of mutation


   Skills:
 * Level 8.0 Fighting
 + Level 0.5(0.7) Short Blades
 + Level 0.5(0.7) Long Blades
 + Level 3.7 Armour
 + Level 3.3 Dodging
 + Level 3.0 Stealth
 * Level 15.2 Spellcasting


You had 11 spell levels left.
You knew the following spells:

 Your Spells              Type           Power      Damage    Failure   Level
a - Foxfire               Conj/Fire      100%       2x1d9     0%          1
b - Scorch                Fire           100%       2d10      0%          2
c - Conjure Flame         Conj/Fire      70%        6-21      1%          3
d - Inner Flame           Hex/Fire       70%        N/A       1%          3
e - Flame Wave            Conj/Fire      70%        3d12      1%          4
f - Pain                  Necr           100%       1d9       0%          1
g - Slow                  Hex            70%        N/A       0%          2
h - Vampiric Draining     Necr           35%        2d11      1%          3
i - Call Canine Familiar  Summ           70%        N/A       1%          3
j - Hailstorm             Conj/Ice       70%        3d15      1%          4
k - Freezing Cloud        Conj/Ice/Air   35%        6-21      1%          5
Your spell library was empty.

Dungeon Overview and Level Annotations

Branches:
Dungeon (11/15)            Temple (1/1) D:5            Lair (3/6) D:10
 Shoals (0/4) Lair:3       Spider (0/4) Lair:2          Orc (0/2) D:11

Altars:
Cheibriados
Dithmenos
Elyvilon
Fedhas
Gozag
Hepliaklqana
Makhleb
Nemelex Xobeh
Okawaru
Qazlal
Sif Muna
Trog
Uskayaw
Vehumet
Wu Jian
Xom
Zin
The Shining One

Shops:
D:8 (   D:10 !


Innate Abilities, Weirdness & Mutations

You are immune to sickness and miasma.
You are immune to poison.
Your flesh is very heat resistant. (rF++)
You are vulnerable to cold. (rC-)
You float through the air rather than walking.
You learn spells naturally, not from books.
Your magical power is your life essence.
You have superior vitality. (+4 HP)


Message History

Okay, then.
Casting: Freezing Cloud (mildly dangerous; 1% risk of failure)
Confirm with . or Enter, or press ? or * to list all spells.
Unknown command.
You swap places.
Your warg bites the seven-headed hydra.
The seven-headed hydra closely misses your warg.
The seven-headed hydra bites your warg!
The seven-headed hydra completely misses your warg.
The seven-headed hydra bites your warg! The seven-headed hydra bites your warg.
The seven-headed hydra bites your warg!
Your warg dies!
Your warg's corpse disappears in a puff of smoke!
Casting: Call Canine Familiar (safe; 1% risk of failure)
Confirm with . or Enter, or press ? or * to list all spells.
Aiming: Freezing Cloud (mildly dangerous; 1% risk of failure)
Press: ? - help, Dir - move target That beam is likely to hit you.
Continue anyway?
Okay, then.
Casting: Freezing Cloud (mildly dangerous; 1% risk of failure)
Confirm with . or Enter, or press ? or * to list all spells.
Okay, then.
The seven-headed hydra is distracted by your dazzling golden aura.
Casting: Freezing Cloud (mildly dangerous; 1% risk of failure)
Confirm with . or Enter, or press ? or * to list all spells.
Aiming: Freezing Cloud (mildly dangerous; 1% risk of failure)
Press: ? - help, Dir - move target, f - seven-headed hydra
Aim: a seven-headed hydra (almost dead, unaware, hasn't noticed you) That beam is likely to hit you.
Continue anyway?
The seven-headed hydra roars!
You are engulfed in freezing vapours.
* * * LOW HITPOINT WARNING * * *
The seven-headed hydra is no longer distracted by gold.
The seven-headed hydra is engulfed in freezing vapours.
The seven-headed hydra seems to slow down.
You kill the seven-headed hydra!
Your Fighting skill increases to level 8!
You are engulfed in freezing vapours.
You die...
Your body crumbles into a pile of gold.

# #........# ##########........#
............>.....#
##########......)># #
##.####)####### # #..# #)#8...8#
# ##.###)#.....# # #..##)).)>..#
# ##.##@#)....# #
#.##§#8...8########## #
#.##§#######....>.... #
#.##§#####...........
#############.#§§##..V$Z.)...#...
...............§§§$x##....V...#
#############.########......$.#$
# #.# ####.##Y.# # #.# #.#..#...


There were no monsters in sight!

Vanquished Creatures
  A hydra (D:11)
  A two-headed ogre (D:11)
  Nergalle (D:10)
  4 centaur zombies
  A black mamba (Lair:3)
  4 cane toads (Lair:2)
  Maggie (D:7)
  6 komodo dragons
  A troll (D:11)
  A polar bear (Lair:3)
  3 slime creatures (D:8)
  3 blink frogs (Lair:3)
  Prince Ribbit (D:8)
  40 yaks
  A shadow (D:10)
  5 wyverns
  3 basilisks
  Menkaure (D:7)
  Duvessa (D:7)
  3 water moccasins
  2 sky beasts (D:6)
  4 orc warriors
  An ice beast (D:6)
  3 black bears
  3 necrophages
  7 centaurs
  3 ogres
  4 wolves (Lair:1)
  A phantom (D:5)
  2 kobold brigands (D:11)
  10 bullfrogs
  11 scorpions
  2 gnoll sergeants
  A wyvern zombie (D:8)
  8 killer bees
  2 howler monkeys
  7 electric eels (D:8)
  4 wights (D:8)
  A centaur skeleton (D:4)
  5 hounds
  2 orc priests
  A gnoll shaman (D:8)
  Crazy Yiuf (D:6)
  A bullfrog skeleton (D:5)
  3 bullfrog zombies
  An iguana (D:4)
  9 orc wizards
  A killer bee zombie (D:6)
  2 hound zombies (D:5)
  A hound skeleton (D:2)
  A howler monkey zombie (D:9)
  9 adders
  7 gnolls
  2 white imps
  An ufetubus (D:6)
  4 worms
  3 dart slugs
  37 orcs
  4 endoplasms
  2 giant cockroaches (D:1)
  8 goblins
  9 hobgoblins
  8 jackals
  4 quokkas
  8 ball pythons
  6 bats
  4 frilled lizards
  7 kobolds
  6 rats
315 creatures vanquished.

Vanquished Creatures (collateral kills)
  A two-headed ogre (D:10)
  A centaur zombie (D:11)
  An unseen horror (D:11)
  2 komodo dragons
  A troll (D:10)
  Sigmund (D:6)
  A wyvern (D:11)
  6 yaks
  A basilisk (Lair:2)
  A water moccasin (Lair:2)
  2 wolves (Lair:1)
  3 ogres (D:11)
  2 centaurs
  A kobold brigand (D:11)
  3 bullfrogs
  Dowan (D:7)
  A gnoll (D:11)
  An orc (D:7)
  A foxfire (D:8)
31 creatures vanquished.

Vanquished Creatures (others)
  A bush (Lair:2)
  857 foxfires
  19 fungi
  25 plants
902 creatures vanquished.

Grand Total: 1248 creatures vanquished

Notes
Turn   | Place    | Note
-------+----------+-------------------------------------------
     0 | D:1      | robertstho the Djinni Fire Elementalist began the quest for
                  | the Orb.
     0 | D:1      | Reached XP level 1. HP: 15/15 MP: 0/0
   606 | D:1      | Found a faded altar of an unknown god.
   703 | D:1      | Reached XP level 2. HP: 17/21 MP: 0/0
  1075 | D:1      | Reached skill level 3 in Spellcasting
  1346 | D:1      | Reached XP level 3. HP: 26/26 MP: 0/0
  1346 | D:1      | Learned a level 1 spell: Pain
  2116 | D:2      | You are sucked into a shaft and drop 1 floor!
  2124 | D:3      | Reached skill level 1 in Fighting
  2124 | D:3      | Reached XP level 4. HP: 27/32 MP: 0/0
  2589 | D:3      | Found a burning altar of Makhleb.
  2942 | D:3      | Reached XP level 5. HP: 35/37 MP: 0/0
  2942 | D:3      | Learned a level 2 spell: Slow
  4105 | D:2      | Reached skill level 4 in Spellcasting
  4427 | D:4      | Reached XP level 6. HP: 38/42 MP: 0/0
  4678 | D:4      | Identified the +4 ring mail "Hasen" {Str+2}
  4731 | D:4      | Found a white marble altar of Elyvilon.
  4947 | D:4      | Reached skill level 5 in Spellcasting
  4947 | D:4      | Reached XP level 7. HP: 46/49 MP: 0/0
  4947 | D:4      | Learned a level 3 spell: Vampiric Draining
  5123 | D:5      | Entered Level 5 of the Dungeon
  5184 | D:5      | Found a staircase to the Ecumenical Temple.
  5288 | D:5      | Found a stormy altar of Qazlal.
  5528 | D:5      | Identified the +3 hand crossbow "Thing" {vorpal, rC+ Str+3
                  | Dex+2}
  5594 | D:5      | Reached skill level 6 in Spellcasting
  5594 | D:5      | Reached XP level 8. HP: 48/55 MP: 0/0
  5888 | D:6      | Found a sparkling altar of Nemelex Xobeh.
  5906 | D:6      | Reached skill level 7 in Spellcasting
  5999 | D:6      | Reached skill level 1 in Armour
  5999 | D:6      | Reached skill level 8 in Spellcasting
  5999 | D:6      | Reached XP level 9. HP: 48/62 MP: 0/0
  5999 | D:6      | Learned a level 3 spell: Call Canine Familiar
  6272 | D:6      | Noticed Sigmund
  6283 | D:6      | Killed Sigmund
  6445 | D:6      | Found a runed translucent door.
  6446 | D:6      | Noticed Crazy Yiuf
  6451 | D:6      | Killed Crazy Yiuf
  6628 | D:7      | Reached skill level 9 in Spellcasting
  6690 | D:7      | Noticed Menkaure
  6691 | D:7      | Noticed Duvessa
  6988 | D:7      | Reached XP level 10. HP: 63/67 MP: 0/0
  7046 | D:7      | Noticed Maggie
  7055 | D:7      | Killed Maggie
  7144 | D:7      | Noticed Dowan
  7148 | D:7      | Killed Duvessa
  7149 | D:7      | Reached skill level 10 in Spellcasting
  7153 | D:7      | Killed Dowan
  7297 | D:7      | Killed Menkaure
  7755 | Temple   | Entered the Ecumenical Temple
  7798 | Temple   | Became a worshipper of Gozag Ym Sagoz the Greedy
  7970 | D:8      | Identified the +11 dagger "Musmisir" {freeze, rF- Will++}
  8225 | D:8      | Noticed Prince Ribbit
  8235 | D:8      | Killed Prince Ribbit
  8236 | D:8      | Reached skill level 11 in Spellcasting
  8263 | D:8      | Found a hazy altar of Hepliaklqana.
  8292 | D:8      | Noticed a komodo dragon
  8306 | D:8      | Killed a komodo dragon
  8307 | D:8      | Reached skill level 5 in Fighting
  8341 | D:8      | Reached XP level 11. HP: 76/76 MP: 0/0
  8341 | D:8      | Learned a level 4 spell: Hailstorm
  8423 | D:8      | Identified the +4 ring mail "Bupawedd" {rCorr}
  8589 | D:8      | Found Ateanu's Weapon Shop.
  8648 | D:8      | Found a snail-covered altar of Cheibriados.
  8698 | D:9      | Noticed a skeletal warrior
  8704 | D:9      | Noticed a skeletal warrior
  9086 | D:9      | Identified the +6 ring mail "Gautedai" {Str+4 Dex+10}
  9093 | D:9      | Noticed a skeletal warrior
  9099 | D:9      | Noticed a skeletal warrior
  9353 | D:10     | Entered Level 10 of the Dungeon
  9353 | D:10     | Noticed a two-headed ogre
  9360 | D:10     | Killed a two-headed ogre
  9369 | D:10     | Reached skill level 12 in Spellcasting
  9419 | D:10     | Found a bloodstained altar of Trog.
  9510 | D:10     | Noticed Nergalle
  9526 | D:10     | Killed Nergalle
 10121 | D:10     | Found a staircase to the Lair.
 10138 | D:10     | Reached XP level 12. HP: 80/84 MP: 0/0
 10200 | D:10     | Bought a potion of heal wounds for 80 gold pieces
 10200 | D:10     | Bought a potion of ambrosia for 128 gold pieces
 10200 | D:10     | Bought a potion of brilliance for 64 gold pieces
 10200 | D:10     | Bought a potion of cancellation for 128 gold pieces
 10200 | D:10     | Bought a potion of might for 64 gold pieces
 10200 | D:10     | Bought a potion of mutation for 128 gold pieces
 10256 | Lair:1   | Entered Level 1 of the Lair of Beasts
 10772 | Lair:1   | Reached skill level 13 in Spellcasting
 11225 | Lair:2   | Found a hole to the Spider Nest.
 11584 | Lair:2   | Reached skill level 14 in Spellcasting
 12250 | Lair:3   | Reached XP level 13. HP: 70/92 MP: 0/0
 12250 | Lair:3   | Learned a level 5 spell: Freezing Cloud
 12539 | Lair:3   | Noticed a boulder beetle
 12560 | Lair:3   | Found a staircase to the Shoals.
 12892 | D:11     | Identified the +1 robe of Coerit {rN+ Regen+}
 13056 | D:11     | Found a staircase to the Orcish Mines.
 13096 | D:11     | Reached skill level 15 in Spellcasting
 13149 | D:11     | Noticed a seven-headed hydra
 13181 | D:11     | Killed a seven-headed hydra
 13182 | D:11     | Engulfed by a cloud of freezing vapour

Illustrated notes

Levels and vault maps discovered:
D:1:      minmay_arrival_doors, layout_loops_ring, serial_forest,
          infiniplex_forest_clump_large, infiniplex_forest_clump_small,
          infiniplex_forest_diagonal, infiniplex_forest_lined_2,
          infiniplex_forest_straight_4, chequers_ecumenical_altar_simple_redux
D:2:      layout_rooms, st_stairs_10, minivault_14, minmay_ruptured
D:3:      layout_basic, bloody_makhleb
D:4:      layout_loops_ring, elyvilon_altar_1, minmay_circle_x
D:5:      layout_basic, nicolae_qazlal_eye_of_the_storm, temple_hall
D:6:      layout_basic, kennysheep_mini_moat, uniq_crazy_yiuf_cottage,
          uniq_sigmund
D:7:      layout_cave_pods, uniq_menkaure, uniq_maggie, uniq_duvessa
D:8:      kennysheep_blocky_hall, layout_rooms, minitemple, serial_shops,
          shop_fountains, serial_bayou_lagoon_b, uniq_prince_ribbit1
D:9:      layout_long_grid, serial_co_window_serial, co_window_corner_a,
          co_window_corner_a, co_window_corner_a, co_window_paths_a,
          co_window_paths_a, co_window_broadway_c, co_window_paths_c,
          co_window_unsneaky_path_a, co_window_broadway_b, co_window_2corner,
          co_window_cross_4, glass_columns_a, glass_columns_a, minmay_st_funbox
D:10:     layout_long_grid, trog_hazing_becter, tgw_sif, david_lair_shrubbed,
          uniq_nergalle
D:11:     layout_roguey, kennysheep_orc_monster_closet_entryway,
          minmay_fractal_squares_diagonal_5
Temple:   jpeg_temple_clearing
Lair:1:   layout_roguey, wad_woods_road_04
Lair:2:   layout_loops_ring, nicolae_spider_entry_non_spiders,
          grunt_megastairs_4
Lair:3:   layout_roguey, minmay_shoals_entry_centaurs, beast_lair_carwin_2

Skill      XL: |  1  2  3  4  5  6  7  8  9 10 11 12 13 |
---------------+----------------------------------------+-----
Spellcasting   | 3 4 5 6 8 9 11 12 14 15 | 15.2
Fighting       | 1 2 3 4 5 6 7 8 |  8.0
Stealth        | 2 3 |  3.0
Armour         | 1 2 3 |  3.7
Dodging        | 3 |  3.3
Short Blades   | |  0.5
Long Blades    | |  0.5

Action                   |  1- 3 |  4- 6 |  7- 9 | 10-12 | 13-15 || total
-------------------------+-------+-------+-------+-------+-------++-------
Melee: Unarmed           |     2 |       |       |       |       ||     2
       Long sword        |    10 |    12 |     4 |       |       ||    26
       Dagger            |       |       |    10 |    10 |     6 ||    26
 Cast: Foxfire           |    38 |   101 |   139 |   219 |     4 ||   501
       Scorch            |     5 |    38 |    57 |   156 |    71 ||   327
       Flame Wave        |       |     2 |     2 |    26 |     5 ||    35
       Call Canine Famil |       |       |     1 |    24 |     9 ||    34
       Freezing Cloud    |       |       |       |       |     4 ||     4
Invok: Call Merchant     |       |       |       |     1 |       ||     1
  Use: Scroll            |       |     4 |     4 |     9 |     6 ||    23
       Potion            |       |       |     1 |     2 |     2 ||     5
 Stab: Sleeping          |     1 |       |       |     1 |       ||     2
Armor: Robe              |     6 |     5 |       |       |     2 ||    13
       Ring mail         |       |     7 |    28 |    42 |    24 ||   101
       Steam dragon scal |       |       |       |     4 |       ||     4
Dodge: Dodged            |    19 |    25 |    26 |    71 |    33 ||   174

Table legend: (Time is in decaauts)
 A = Elapsed time spent in this place.
 B = Non-inter-level travel time spent in this place.
 C = Inter-level travel time spent in this place.
 D = Time resting spent in this place.
 E = Time spent auto-exploring this place.
 F = Levels seen in this place.
 G = Mean time per level.
                   A        B        C        D        E       F      G
               +--------+--------+--------+--------+--------+-----+--------+
         Total |  13181 |  12324 |    857 |    695 |   9343 |  15 |  878.7 |
       Dungeon |  10546 |   9829 |    717 |    531 |   7441 |  11 |  958.7 |
        Temple |     84 |     43 |     41 |      0 |     31 |   1 |   84.0 |
          Lair |   2550 |   2453 |     97 |    164 |   1871 |   3 |  850.0 |
               +--------+--------+--------+--------+--------+-----+--------+

Top non-repeatable levels by time:
     D:1: 2003 daAuts
     D:3: 1259 daAuts
  Lair:2: 1199 daAuts
     D:7: 1154 daAuts
     D:2: 1129 daAuts
     D:6: 1082 daAuts
    D:10: 928 daAuts
  Lair:1: 924 daAuts
     D:4: 743 daAuts
     D:8: 700 daAuts
     D:9: 648 daAuts
     D:5: 566 daAuts
  Lair:3: 426 daAuts
    D:11: 330 daAuts
  Temple: 84 daAuts
